Rafales vs Harfangs
Created - February 23, 2021 at 21:25
Goals
|
| Rafales |
2 |
1 |
2 |
5 |
| Harfangs |
2 |
1 |
1 |
4 |
|
Shots
|
| Rafales |
7 |
10 |
15 |
32 |
| Harfangs |
16 |
3 |
9 |
28 |
|
1st period
1. Rafales , Joe Labate 13 (Connor Murphy 36, Dylan McIlrath 7) at 1:52
2. Harfangs , Ryan Hartman 15 (Brandon McMillan 14, Michael Bournival 44) at 10:16
3. Harfangs , Calle Jarnkrok 16 (Michael Bournival 45, Tomas Kubalik 31) at 10:30
4. Rafales , Jayson Megna 12 (Connor Murphy 37) at 18:33
Penalties :
James Sheppard (Stf) for Hooking (Minor) at 13:33, Ben Thomson (Stf) for High sticking (Minor) at 19:40
2nd period
5. Harfangs , Calle Jarnkrok 17 (Tomas Kubalik 32, Michael Bournival 46) at 15:13
6. Rafales , Brian Ferlin 36 (Julian Melchiori 18, Zac Dalpe 54) at 15:30
Penalties :
Brandon McMillan (BEA) for Holding (Minor) at 5:07, James Sheppard (Stf) for Hooking (Minor) at 9:05, Cade Fairchild (Stf) for Tripping (Minor) at 17:02
3rd period
7. Rafales , Dylan McIlrath 1 (Garret Ross 28) at 1:45
8. Rafales , James Livingstone 18 (Garret Ross 29) at 3:00 (PP)
9. Harfangs , Morgan Klimchuk 13 (Nick Shore 16, Jake Dotchin 13) at 9:15
Penalties :
Reid McNeill (BEA) for Tripping (Minor) at 2:18, Julian Melchiori (Stf) for Tripping (Minor) at 10:06, Morgan Klimchuk (BEA) for Holding Stick (Minor) at 12:36, Rinat Valiev (BEA) for Kneeing (Minor) at 18:05
Goalie Stats
Leland Irving (Stf), 24 saves from 28 shots - (0.857), W, 14-14-3, 60:00 minutes
Anton Forsberg (BEA), 17 saves from 22 shots - (0.773), L, 9-8-0, 43:00 minutes
Zachary Fucale (BEA), 10 saves from 10 shots - (1.000), 17:00 minutes
Players Stats for Rafales
Player Name G A P +/- PIM S H SB GA TA FO MP PP MP PK MP
------------------------------------------------------------------------------------
Ben Johnson 0 0 0 0 0 0 1 0 0 0 0/0 3:04 0:00 2:44
Ben Thomson 0 0 0 0 2 2 3 1 0 0 0/0 13:23 0:00 0:00
Blake Speers 0 0 0 0 0 0 0 0 0 0 0/0 0:00 0:00 0:00
Borna Rendulic 0 0 0 0 0 0 2 0 0 1 0/0 13:21 0:00 0:00
Brad Ross 0 0 0 0 0 0 0 0 0 0 0/0 1:24 0:00 1:04
Brian Ferlin 1 0 1 0 0 7 1 1 2 1 2/4 21:08 3:23 4:33
Cade Fairchild 0 0 0 1 2 2 0 0 0 1 0/0 21:15 2:37 3:49
Connor Murphy 0 2 2 1 0 1 1 0 0 2 0/0 27:40 3:57 5:02
David Broll 0 0 0 0 0 0 0 0 0 0 0/0 0:00 0:00 0:00
Dylan McIlrath 1 1 2 1 0 3 3 2 0 2 0/0 27:40 3:57 5:02
Gabriel Carlsson 0 0 0 -2 0 1 0 0 0 0 0/0 12:16 0:00 2:10
Garret Ross 0 2 2 0 0 1 2 0 1 2 0/0 18:07 3:00 3:13
James Livingstone 1 0 1 0 0 1 0 0 0 0 0/0 14:41 3:00 0:00
James Sheppard 0 0 0 0 4 3 2 0 1 1 1/4 18:37 3:34 2:01
Jayson Megna 1 0 1 0 0 1 3 0 0 0 0/3 14:41 3:00 0:00
Joe Labate 1 0 1 0 0 2 1 0 0 0 0/6 13:21 0:00 0:00
Joey Laleggia 0 0 0 -2 0 0 0 0 0 0 0/0 9:41 0:00 0:00
Julian Melchiori 0 1 1 1 2 0 1 2 0 1 0/0 21:50 2:37 3:47
Pavel Kraskovsky 0 0 0 0 0 0 0 0 0 0 0/0 2:07 0:11 0:00
Ryan Bourque 0 0 0 0 0 0 1 0 0 0 1/3 6:04 0:00 0:55
Tyrell Goulbourne 0 0 0 0 0 0 0 0 0 0 0/0 4:41 0:00 0:00
Zac Dalpe 0 1 1 0 0 8 4 1 0 2 21/36 24:59 3:34 5:20
Players Stats for Harfangs
Player Name G A P +/- PIM S H SB GA TA FO MP PP MP PK MP
------------------------------------------------------------------------------------
Blake Heinrich 0 0 0 0 0 0 0 2 0 1 0/0 10:16 0:00 0:42
Brandon McMillan 0 1 1 -1 2 2 2 0 1 0 0/0 15:02 4:21 0:00
Brendan Leipsic 0 0 0 0 0 0 0 0 0 0 0/0 3:03 0:00 1:24
Brenden Kichton 0 0 0 0 0 1 0 0 0 0 0/0 9:34 0:00 0:00
Calle Jarnkrok 2 0 2 1 0 5 0 3 1 0 17/28 20:37 5:26 1:17
Cristoval Nieves 0 0 0 0 0 1 0 0 0 0 0/0 7:03 0:00 0:07
David Kampf 0 0 0 0 0 0 0 0 0 0 0/0 0:30 0:08 0:00
Devon Teows 0 0 0 0 0 0 0 0 0 0 0/0 4:37 0:00 0:00
Erik Nystrom 0 0 0 0 0 0 3 0 0 0 0/0 9:00 0:00 0:31
Ivan Provorov 0 0 0 0 0 1 1 0 0 0 0/0 19:49 4:07 2:42
Jake Dotchin 0 1 1 0 0 1 0 0 0 0 0/0 26:00 5:48 3:52
JC Lipon 0 0 0 0 0 0 0 0 0 0 0/0 0:22 0:00 0:00
Laurent Dauphin 0 0 0 0 0 0 0 0 0 0 0/0 0:00 0:00 0:00
Lucas Wallmarkk 0 0 0 0 0 0 0 0 0 0 0/0 0:33 0:11 0:00
Mark Alt 0 0 0 0 0 1 1 4 0 2 0/0 19:49 4:07 2:42
Michael Bournival 0 3 3 1 0 3 3 1 2 0 3/11 23:11 5:31 3:46
Morgan Klimchuk 1 0 1 0 2 2 1 2 1 0 0/0 12:45 0:00 0:57
Nick Shore 0 1 1 0 0 0 1 1 0 1 3/5 10:04 0:00 0:00
Nick Sorensen 0 0 0 0 0 1 1 0 0 0 0/0 6:50 0:00 0:00
Reid McNeill 0 0 0 0 2 1 2 1 3 0 0/0 25:17 5:48 3:10
Rinat Valiev 0 0 0 0 2 0 0 0 0 0 0/0 4:36 0:00 0:00
Ryan Hartman 1 0 1 -1 0 2 0 0 0 0 0/0 14:57 4:21 0:00
Sven Andrighetto 0 0 0 0 0 2 0 0 1 0 0/0 10:04 0:00 0:00
Tomas Kubalik 0 2 2 1 0 4 0 1 3 0 2/3 23:09 5:26 3:49
Tyler Brenner 0 0 0 -1 0 1 0 0 1 0 6/9 16:14 4:21 1:17
3 Stars
1 - Dylan McIlrath (Stf)
2 - Calle Jarnkrok (BEA)
3 - Michael Bournival (BEA)
Power Play
Rafales - 1 on 4 Attempt(s) - 25.00%
Harfangs - 0 on 5 Attempt(s) - 0.00%
Penalty Kill
Rafales - 5 on 5 Attempt(s) - 100.00%
- Score 0 goal in Penalty Kill
Harfangs - 3 on 4 Attempt(s) - 75.00%
- Score 0 goal in Penalty Kill
Team Stat
Rafales - Hits : 25 - Faceoff Wins : 25 - Blocked Shots : 7 - Penalty Minutes : 10
Harfangs - Hits : 15 - Faceoff Wins : 31 - Blocked Shots : 15 - Penalty Minutes : 8
Official
Referees : Unknown
Linesman : Unknown
Game Notes
1:56 of 3rd period - Harfangs goal is going for a video replay. After video review, No Goal. The puck has been kicked using a distinct kicking motion.
Zachary Fucale enters game at 3:00 of 3rd period
Finance
Level 1 -- Attendance: 2000 (100.00%) -- Ticket Income $68,000
Level 2 -- Attendance: 761 (76.10%) -- Ticket Income $14,459
Total Attendance: 2761 (92.03%)
Total Ticket Income: $82,459
Other Income: $4,123
Total Income: $86,582
Rafales
5 vs 5 Forward
Center Left Wing Right Wing Time % Phy DF OF
1 Zac Dalpe James Sheppard Brian Ferlin 40 1 2 2
2 Jayson Megna Garret Ross James Livingstone 30 1 2 2
3 Joe Labate Ben Thomson Borna Rendulic 20 1 2 2
4 Ryan Bourque Tyrell Goulbourne Zac Dalpe 10 1 2 2
5 vs 5 Defense
Defense Defense Time % Phy DF OF
1 Connor Murphy Dylan McIlrath 40 1 2 2
2 Cade Fairchild Julian Melchiori 30 1 2 2
3 Joey Laleggia Gabriel Carlsson 20 1 2 2
4 Connor Murphy Dylan McIlrath 10 1 2 2
PowerPlay Forward
Center Left Wing Right Wing Time % Phy DF OF
1 Zac Dalpe James Sheppard Brian Ferlin 60 1 2 2
2 Jayson Megna Garret Ross James Livingstone 40 1 2 2
PowerPlay Defense
Defense Defense Time % Phy DF OF
1 Connor Murphy Dylan McIlrath 60 1 2 2
2 Cade Fairchild Julian Melchiori 40 1 2 2
Penalty Kill 4 Players Forward
Center Wing Time % Phy DF OF
1 Zac Dalpe Brian Ferlin 60 1 2 2
2 James Sheppard Garret Ross 40 1 2 2
Penalty Kill 4 Players Defense
Defense Defense Time % Phy DF OF
1 Connor Murphy Dylan McIlrath 60 1 2 2
2 Cade Fairchild Julian Melchiori 40 1 2 2
Penalty Kill - 3 Players Forward
Forward Time % Phy DF OF
1 Zac Dalpe 60 1 2 2
2 Brian Ferlin 40 1 2 2
Penalty Kill - 3 Players Defense
Defense Defense Time % Phy DF OF
1 Connor Murphy Dylan McIlrath 60 1 2 2
2 Cade Fairchild Julian Melchiori 40 1 2 2
4 vs 4 Forward
Center Wing Time % Phy DF OF
1 Zac Dalpe Brian Ferlin 60 1 2 2
2 James Sheppard Garret Ross 40 1 2 2
4 vs 4 Defense
Defense Defense Time % Phy DF OF
1 Connor Murphy Dylan McIlrath 60 1 2 2
2 Cade Fairchild Julian Melchiori 40 1 2 2
Last Minutes Offensive
Center Left Wing Right Wing Defense Defense
Zac Dalpe James Sheppard Brian Ferlin Connor Murphy Dylan McIlrath
Last Minutes Defensive
Center Left Wing Right Wing Defense Defense
Zac Dalpe James Sheppard Brian Ferlin Connor Murphy Dylan McIlrath
Goaltenders
Starting : Leland Irving
Backup : Sean Maguire
Extra Forwards
Normal : Pavel Kraskovsky, Brad Ross, Ben Johnson - PP : Pavel Kraskovsky, Brad Ross - PK : Ben Johnson
Extra Defensemen
Normal : Joey Laleggia, Gabriel Carlsson, Cade Fairchild - PP : Joey Laleggia - PK : Gabriel Carlsson, Cade Fairchild
Penalty Shots
Zac Dalpe, Brian Ferlin, James Sheppard, Garret Ross, James Livingstone
Scratches
Andrew Shaw (Healthy), Slater Koekkoek (Broken Bone (Left Arm) Injury), Alexander Yelesin (Healthy), Chris Driedger (Healthy)
Harfangs
5 vs 5 Forward
Center Left Wing Right Wing Time % Phy DF OF
1 Calle Jarnkrok Michael Bournival Tomas Kubalik 40 1 2 2
2 Tyler Brenner Brandon McMillan Ryan Hartman 30 1 2 2
3 Nick Shore Morgan Klimchuk Sven Andrighetto 20 1 2 2
4 Cristoval Nieves Erik Nystrom Nick Sorensen 10 1 2 2
5 vs 5 Defense
Defense Defense Time % Phy DF OF
1 Reid McNeill Jake Dotchin 40 1 2 2
2 Mark Alt Ivan Provorov 30 1 2 2
3 Brenden Kichton Blake Heinrich 20 1 2 2
4 Devon Teows Rinat Valiev 10 1 2 2
PowerPlay Forward
Center Left Wing Right Wing Time % Phy DF OF
1 Calle Jarnkrok Michael Bournival Tomas Kubalik 60 1 2 2
2 Tyler Brenner Brandon McMillan Ryan Hartman 40 1 2 2
PowerPlay Defense
Defense Defense Time % Phy DF OF
1 Reid McNeill Jake Dotchin 60 1 2 2
2 Mark Alt Ivan Provorov 40 1 2 2
Penalty Kill 4 Players Forward
Center Wing Time % Phy DF OF
1 Michael Bournival Tomas Kubalik 60 1 2 2
2 Calle Jarnkrok Tyler Brenner 40 1 2 2
Penalty Kill 4 Players Defense
Defense Defense Time % Phy DF OF
1 Reid McNeill Jake Dotchin 60 1 2 2
2 Mark Alt Ivan Provorov 40 1 2 2
Penalty Kill - 3 Players Forward
Forward Time % Phy DF OF
1 Michael Bournival 60 1 2 2
2 Tomas Kubalik 40 1 2 2
Penalty Kill - 3 Players Defense
Defense Defense Time % Phy DF OF
1 Reid McNeill Jake Dotchin 60 1 2 2
2 Mark Alt Ivan Provorov 40 1 2 2
4 vs 4 Forward
Center Wing Time % Phy DF OF
1 Michael Bournival Tomas Kubalik 60 1 2 2
2 Calle Jarnkrok Tyler Brenner 40 1 2 2
4 vs 4 Defense
Defense Defense Time % Phy DF OF
1 Reid McNeill Jake Dotchin 60 1 2 2
2 Mark Alt Ivan Provorov 40 1 2 2
Last Minutes Offensive
Center Left Wing Right Wing Defense Defense
Calle Jarnkrok Michael Bournival Tomas Kubalik Reid McNeill Jake Dotchin
Last Minutes Defensive
Center Left Wing Right Wing Defense Defense
Calle Jarnkrok Michael Bournival Tomas Kubalik Reid McNeill Jake Dotchin
Goaltenders
Starting : Anton Forsberg
Backup : Zachary Fucale
Extra Forwards
Normal : Lucas Wallmarkk, David Kampf, Brendan Leipsic - PP : Lucas Wallmarkk, David Kampf - PK : Brendan Leipsic
Extra Defensemen
Normal : Brenden Kichton, Blake Heinrich, Devon Teows - PP : Brenden Kichton - PK : Blake Heinrich, Devon Teows
Penalty Shots
Michael Bournival, Tomas Kubalik, Calle Jarnkrok, Tyler Brenner, Ryan Hartman
Scratches
A.J. Greer (Healthy), Cooper Marody (Healthy), Justin Kirkland (Healthy), Anthony Angello (Healthy), Jason Kasdorf (Healthy)
Scott Wedgewood (Healthy)
% Time on Ice - Rafales
Lines # - Real PCT - Wanted PCT - Time Play
Normal Forward
1 - 30% - 40% - 13:15
2 - 28% - 30% - 12:14
3 - 31% - 20% - 13:21
4 - 11% - 10% - 4:41
Normal Defense
1 - 40% - 40% - 17:18
2 - 35% - 30% - 15:09
3 - 22% - 20% - 9:41
4 - 3% - 10% - 1:23
PP Forward
1 - 54% - 60% - 3:34
2 - 46% - 40% - 3:00
PP Defense
1 - 60% - 60% - 3:57
2 - 40% - 40% - 2:37
PK Forward
1 - 68% - 60% - 6:42
2 - 32% - 40% - 3:13
PK Defense
1 - 51% - 60% - 5:02
2 - 49% - 40% - 4:53
PK3 Forward
1 - 0% - 60%
2 - 0% - 40%
PK3 Defense
1 - 0% - 60%
2 - 0% - 40%
44 Forward
1 - 0% - 60%
2 - 0% - 40%
44 Defense
1 - 0% - 60%
2 - 0% - 40%
Last Minute Offensive - 0:00
Last Minute Defensive - 0:00
Total
Forward - 60:00
Defense - 60:00
|
% Time on Ice - Harfangs
Lines # - Real PCT - Wanted PCT - Time Play
Normal Forward
1 - 36% - 40% - 15:39
2 - 25% - 30% - 10:58
3 - 23% - 20% - 10:04
4 - 16% - 10% - 6:50
Normal Defense
1 - 38% - 40% - 16:20
2 - 30% - 30% - 13:00
3 - 22% - 20% - 9:34
4 - 11% - 10% - 4:37
PP Forward
1 - 56% - 60% - 5:34
2 - 44% - 40% - 4:21
PP Defense
1 - 58% - 60% - 5:48
2 - 42% - 40% - 4:07
PK Forward
1 - 80% - 60% - 5:17
2 - 20% - 40% - 1:17
PK Defense
1 - 59% - 60% - 3:52
2 - 41% - 40% - 2:42
PK3 Forward
1 - 0% - 60%
2 - 0% - 40%
PK3 Defense
1 - 0% - 60%
2 - 0% - 40%
44 Forward
1 - 0% - 60%
2 - 0% - 40%
44 Defense
1 - 0% - 60%
2 - 0% - 40%
Last Minute Offensive - 0:00
Last Minute Defensive - 0:00
Total
Forward - 60:00
Defense - 60:00
|
Play-by-Play
1st period
0:01 of 1st period - Calle Jarnkrok wins face-off versus Zac Dalpe in neutral zone.
0:14 of 1st period - Slapshot by Tomas Kubalik.
0:14 of 1st period - Stopped by Leland Irving without a rebound.
0:15 of 1st period - Tyler Brenner wins face-off versus Jayson Megna in Rafales zone.
0:41 of 1st period - Cade Fairchild is hit by Erik Nystrom.
0:53 of 1st period - Snap shot by Nick Sorensen.
0:53 of 1st period - Shot Misses the Net.
1:30 of 1st period - Michael Bournival is hit by Zac Dalpe and loses puck.
1:43 of 1st period - Borna Rendulic is hit by Brandon McMillan and loses puck.
1:52 of 1st period - Wrist shot by Joe Labate.
1:52 of 1st period - Goal by Joe Labate - Rafales : 1 - Harfangs : 0.
1:53 of 1st period - Ryan Bourque wins face-off versus Calle Jarnkrok in neutral zone.
2:21 of 1st period - Icing by Brandon McMillan.
2:22 of 1st period - Tyler Brenner wins face-off versus Joe Labate in Harfangs zone.
2:29 of 1st period - Snap shot by Brandon McMillan.
2:29 of 1st period - Stopped by Leland Irving with a rebound.
2:31 of 1st period - Slapshot by Brandon McMillan.
2:31 of 1st period - Stopped by Leland Irving without a rebound.
2:32 of 1st period - Zac Dalpe wins face-off versus Nick Shore in Rafales zone.
2:40 of 1st period - Slapshot by Nick Shore.
2:40 of 1st period - Shot Misses the Net.
3:21 of 1st period - Brandon McMillan is hit by Jayson Megna and loses puck.
3:42 of 1st period - Wrist shot by Zac Dalpe.
3:42 of 1st period - Stopped by Anton Forsberg with a rebound.
3:44 of 1st period - Slapshot by Connor Murphy.
3:44 of 1st period - Deflect By Zac Dalpe.
3:44 of 1st period - Shot Blocked by Mark Alt.
3:44 of 1st period - Puck is out of play.
3:45 of 1st period - Calle Jarnkrok wins face-off versus Zac Dalpe in Harfangs zone.
3:52 of 1st period - Snap shot by Calle Jarnkrok.
3:52 of 1st period - Stopped by Leland Irving with a rebound.
4:04 of 1st period - Snap shot by Zac Dalpe.
4:04 of 1st period - Stopped by Anton Forsberg without a rebound.
4:05 of 1st period - Nick Shore wins face-off versus Joe Labate in Harfangs zone.
4:16 of 1st period - Wrist shot by Sven Andrighetto.
4:16 of 1st period - Stopped by Leland Irving with a rebound.
4:22 of 1st period - Ivan Provorov is hit by Dylan McIlrath and loses puck.
4:55 of 1st period - Snap shot by Connor Murphy.
4:55 of 1st period - Shot Misses the Net.
6:08 of 1st period - Icing by Brenden Kichton.
6:09 of 1st period - Zac Dalpe wins face-off versus Michael Bournival in Harfangs zone.
6:31 of 1st period - Icing by Brenden Kichton.
6:32 of 1st period - James Sheppard wins face-off versus Tyler Brenner in Harfangs zone.
6:58 of 1st period - Blake Heinrich is hit by Borna Rendulic and loses puck.
7:25 of 1st period - Snap shot by Ryan Hartman.
7:25 of 1st period - Stopped by Leland Irving without a rebound.
7:26 of 1st period - Zac Dalpe wins face-off versus Calle Jarnkrok in Rafales zone.
8:31 of 1st period - Off-side.
8:32 of 1st period - Calle Jarnkrok wins face-off versus Ryan Bourque in neutral zone.
8:35 of 1st period - Connor Murphy is hit by Reid McNeill and loses puck.
8:48 of 1st period - Snap shot by Calle Jarnkrok.
8:48 of 1st period - Shot Misses the Net.
10:16 of 1st period - Wrist shot by Ryan Hartman.
10:16 of 1st period - Goal by Ryan Hartman - Rafales : 1 - Harfangs : 1.
10:17 of 1st period - Calle Jarnkrok wins face-off versus Zac Dalpe in neutral zone.
10:28 of 1st period - Slapshot by Michael Bournival.
10:28 of 1st period - Stopped by Leland Irving with a rebound.
10:30 of 1st period - Snap shot by Calle Jarnkrok.
10:30 of 1st period - Goal by Calle Jarnkrok - Rafales : 1 - Harfangs : 2.
10:31 of 1st period - Zac Dalpe wins face-off versus Calle Jarnkrok in neutral zone.
10:41 of 1st period - Backhand shot by Zac Dalpe.
10:41 of 1st period - Shot Misses the Net.
10:47 of 1st period - Wrist shot by Brian Ferlin.
10:47 of 1st period - Shot Misses the Net.
11:22 of 1st period - Icing by Rinat Valiev.
11:23 of 1st period - Zac Dalpe wins face-off versus Nick Shore in Harfangs zone.
11:26 of 1st period - Slapshot by Brian Ferlin.
11:26 of 1st period - Shot Blocked by Morgan Klimchuk.
11:28 of 1st period - Slapshot by Gabriel Carlsson.
11:28 of 1st period - Stopped by Anton Forsberg with a rebound.
11:30 of 1st period - Snap shot by Zac Dalpe.
11:30 of 1st period - Shot Blocked by Morgan Klimchuk.
11:32 of 1st period - Snap shot by Brian Ferlin.
11:32 of 1st period - Shot Misses the Net.
11:55 of 1st period - Snap shot by Ben Thomson.
11:55 of 1st period - Stopped by Anton Forsberg without a rebound.
11:56 of 1st period - Calle Jarnkrok wins face-off versus Brian Ferlin in Harfangs zone.
12:05 of 1st period - Snap shot by Tomas Kubalik.
12:05 of 1st period - Shot Misses the Net.
12:07 of 1st period - Slapshot by Tomas Kubalik.
12:07 of 1st period - Shot Blocked by Brian Ferlin.
12:44 of 1st period - Borna Rendulic is hit by Nick Sorensen and loses puck.
13:00 of 1st period - Icing by Zac Dalpe.
13:01 of 1st period - Nick Shore wins face-off versus Ryan Bourque in Rafales zone.
13:04 of 1st period - Wrist shot by Nick Shore.
13:04 of 1st period - Shot Blocked by Julian Melchiori.
13:10 of 1st period - Snap shot by Morgan Klimchuk.
13:10 of 1st period - Stopped by Leland Irving without a rebound.
13:11 of 1st period - Calle Jarnkrok wins face-off versus Zac Dalpe in Rafales zone.
13:12 of 1st period - Snap shot by Michael Bournival.
13:12 of 1st period - Stopped by Leland Irving with a rebound.
13:14 of 1st period - Slapshot by Brenden Kichton.
13:14 of 1st period - Stopped by Leland Irving without a rebound.
13:15 of 1st period - Calle Jarnkrok wins face-off versus Brian Ferlin in Rafales zone.
13:24 of 1st period - Slapshot by Zac Dalpe.
13:24 of 1st period - Stopped by Anton Forsberg without a rebound.
13:25 of 1st period - Calle Jarnkrok wins face-off versus Zac Dalpe in Harfangs zone.
13:33 of 1st period - Minor Penalty to James Sheppard for Hooking.
13:34 of 1st period - Zac Dalpe wins face-off versus Calle Jarnkrok in Rafales zone.
14:30 of 1st period - Tomas Kubalik is hit by Zac Dalpe and loses puck.
15:25 of 1st period - Zac Dalpe is hit by Michael Bournival and loses puck.
15:33 of 1st period - Penalty to James Sheppard is over, James Sheppard is back on ice.
17:38 of 1st period - Cade Fairchild is hit by Brandon McMillan and loses puck.
18:19 of 1st period - Snap shot by Calle Jarnkrok.
18:19 of 1st period - Stopped by Leland Irving with a rebound.
18:33 of 1st period - Slapshot by Jayson Megna.
18:33 of 1st period - Goal by Jayson Megna - Rafales : 2 - Harfangs : 2.
18:34 of 1st period - Zac Dalpe wins face-off versus Tyler Brenner in neutral zone.
18:37 of 1st period - Brandon McMillan is hit by James Sheppard.
19:10 of 1st period - Morgan Klimchuk is hit by Garret Ross and loses puck.
19:23 of 1st period - Ben Thomson is hit by Erik Nystrom and loses puck.
19:40 of 1st period - Minor Penalty to Ben Thomson for High sticking.
19:41 of 1st period - Tomas Kubalik wins face-off versus Zac Dalpe in Rafales zone.
19:48 of 1st period - Snap shot by Tomas Kubalik.
19:48 of 1st period - Stopped by Leland Irving with a rebound.
19:50 of 1st period - Snap shot by Jake Dotchin.
19:50 of 1st period - Stopped by Leland Irving with a rebound.
19:56 of 1st period - Wrist shot by Tomas Kubalik.
19:56 of 1st period - Shot Blocked by Zac Dalpe.
19:58 of 1st period - Wrist shot by Michael Bournival.
19:58 of 1st period - Stopped by Leland Irving without a rebound.
19:59 of 1st period - Zac Dalpe wins face-off versus Tyler Brenner in Rafales zone.
Goals for this period are 2 for Rafales vs 2 for Harfangs.
Shots for this period are 7 for Rafales vs 16 for Harfangs.
2nd period
0:01 of 2nd period - Zac Dalpe wins face-off versus Calle Jarnkrok in neutral zone.
0:33 of 2nd period - Wrist shot by Brandon McMillan.
0:33 of 2nd period - Shot Misses the Net.
1:37 of 2nd period - Dylan McIlrath is hit by Michael Bournival and loses puck.
1:40 of 2nd period - Penalty to Ben Thomson is over, Ben Thomson is back on ice.
2:10 of 2nd period - Erik Nystrom is hit by Jayson Megna and loses puck.
2:21 of 2nd period - Wrist shot by Zac Dalpe.
2:21 of 2nd period - Shot Misses the Net.
2:48 of 2nd period - Brandon McMillan is hit by Ben Thomson and loses puck.
3:17 of 2nd period - Ivan Provorov is hit by Connor Murphy and loses puck.
3:22 of 2nd period - Wrist shot by James Sheppard.
3:22 of 2nd period - Deflect By Brian Ferlin.
3:22 of 2nd period - Shot Misses the Net.
3:22 of 2nd period - Puck is out of play.
3:23 of 2nd period - Tyler Brenner wins face-off versus Joe Labate in Harfangs zone.
4:38 of 2nd period - Snap shot by Erik Nystrom.
4:38 of 2nd period - Deflect By Tyler Brenner.
4:38 of 2nd period - Shot Misses the Net.
4:38 of 2nd period - Puck is out of play.
4:39 of 2nd period - Tyler Brenner wins face-off versus Joe Labate in Rafales zone.
5:07 of 2nd period - Minor Penalty to Brandon McMillan for Holding.
5:08 of 2nd period - Zac Dalpe wins face-off versus Michael Bournival in Harfangs zone.
5:08 of 2nd period - Wrist shot by Brian Ferlin.
5:08 of 2nd period - Stopped by Anton Forsberg without a rebound.
5:09 of 2nd period - Zac Dalpe wins face-off versus Michael Bournival in Harfangs zone.
5:16 of 2nd period - Wrist shot by Brian Ferlin.
5:16 of 2nd period - Shot Misses the Net.
5:18 of 2nd period - Slapshot by Connor Murphy.
5:18 of 2nd period - Shot Misses the Net.
5:20 of 2nd period - Snap shot by Brian Ferlin.
5:20 of 2nd period - Stopped by Anton Forsberg with a rebound.
5:22 of 2nd period - Slapshot by Connor Murphy.
5:22 of 2nd period - Shot Misses the Net.
5:41 of 2nd period - Slapshot by Tomas Kubalik.
5:41 of 2nd period - Shot Misses the Net.
6:25 of 2nd period - Connor Murphy is hit by Morgan Klimchuk and loses puck.
7:07 of 2nd period - Penalty to Brandon McMillan is over, Brandon McMillan is back on ice.
7:25 of 2nd period - Slapshot by Joe Labate.
7:25 of 2nd period - Stopped by Anton Forsberg without a rebound.
7:26 of 2nd period - Tyler Brenner wins face-off versus Joe Labate in Harfangs zone.
7:51 of 2nd period - James Livingstone is hit by Erik Nystrom and loses puck.
8:16 of 2nd period - Michael Bournival is hit by Zac Dalpe and loses puck.
8:26 of 2nd period - Icing by Calle Jarnkrok.
8:27 of 2nd period - Nick Shore wins face-off versus Joe Labate in Harfangs zone.
9:02 of 2nd period - Wrist shot by Tomas Kubalik.
9:02 of 2nd period - Stopped by Leland Irving without a rebound.
9:03 of 2nd period - Calle Jarnkrok wins face-off versus Zac Dalpe in Rafales zone.
9:05 of 2nd period - Minor Penalty to James Sheppard for Hooking.
9:06 of 2nd period - Calle Jarnkrok wins face-off versus Zac Dalpe in Rafales zone.
9:18 of 2nd period - Snap shot by Michael Bournival.
9:18 of 2nd period - Shot Blocked by Dylan McIlrath.
11:05 of 2nd period - Penalty to James Sheppard is over, James Sheppard is back on ice.
11:23 of 2nd period - Snap shot by Ben Thomson.
11:23 of 2nd period - Shot Blocked by Mark Alt.
11:25 of 2nd period - Snap shot by Ben Thomson.
11:25 of 2nd period - Stopped by Anton Forsberg with a rebound.
11:27 of 2nd period - Snap shot by Ben Thomson.
11:27 of 2nd period - Shot Blocked by Nick Shore.
11:29 of 2nd period - Wrist shot by Joe Labate.
11:29 of 2nd period - Shot Blocked by Mark Alt.
11:39 of 2nd period - Gabriel Carlsson is hit by Ivan Provorov and loses puck.
12:08 of 2nd period - Ryan Hartman is hit by Ben Thomson and loses puck.
12:21 of 2nd period - Cristoval Nieves is hit by Dylan McIlrath and loses puck.
12:36 of 2nd period - Tyrell Goulbourne is hit by Nick Shore and loses puck.
13:46 of 2nd period - Calle Jarnkrok is hit by Joe Labate and loses puck.
14:54 of 2nd period - Sven Andrighetto is hit by Ben Thomson and loses puck.
15:13 of 2nd period - Wrist shot by Calle Jarnkrok.
15:13 of 2nd period - Goal by Calle Jarnkrok - Rafales : 2 - Harfangs : 3.
15:14 of 2nd period - Zac Dalpe wins face-off versus Michael Bournival in neutral zone.
15:17 of 2nd period - Jake Dotchin is hit by James Sheppard and loses puck.
15:22 of 2nd period - Snap shot by Zac Dalpe.
15:22 of 2nd period - Shot Misses the Net.
15:28 of 2nd period - Wrist shot by Brian Ferlin.
15:28 of 2nd period - Shot Misses the Net.
15:30 of 2nd period - Slapshot by Julian Melchiori.
15:30 of 2nd period - Deflect By Brian Ferlin.
15:30 of 2nd period - Goal by Brian Ferlin - Rafales : 3 - Harfangs : 3.
15:31 of 2nd period - Zac Dalpe wins face-off versus Calle Jarnkrok in neutral zone.
15:36 of 2nd period - Snap shot by Zac Dalpe.
15:36 of 2nd period - Stopped by Anton Forsberg with a rebound.
15:38 of 2nd period - Slapshot by Connor Murphy.
15:38 of 2nd period - Shot Misses the Net.
15:40 of 2nd period - Slapshot by Connor Murphy.
15:40 of 2nd period - Shot Blocked by Calle Jarnkrok.
15:42 of 2nd period - Snap shot by Zac Dalpe.
15:42 of 2nd period - Shot Misses the Net.
15:44 of 2nd period - Slapshot by Brian Ferlin.
15:44 of 2nd period - Stopped by Anton Forsberg without a rebound.
15:45 of 2nd period - Zac Dalpe wins face-off versus Calle Jarnkrok in Harfangs zone.
15:46 of 2nd period - Slapshot by James Sheppard.
15:46 of 2nd period - Stopped by Anton Forsberg with a rebound.
15:48 of 2nd period - Slapshot by Zac Dalpe.
15:48 of 2nd period - Stopped by Anton Forsberg with a rebound.
15:50 of 2nd period - Snap shot by Zac Dalpe.
15:50 of 2nd period - Deflect By James Sheppard.
15:50 of 2nd period - Shot Blocked by Calle Jarnkrok.
15:50 of 2nd period - Puck is out of play.
15:51 of 2nd period - Zac Dalpe wins face-off versus Calle Jarnkrok in Harfangs zone.
16:00 of 2nd period - Snap shot by Zac Dalpe.
16:00 of 2nd period - Stopped by Anton Forsberg with a rebound.
16:02 of 2nd period - Slapshot by Zac Dalpe.
16:02 of 2nd period - Shot Misses the Net.
16:04 of 2nd period - Snap shot by James Sheppard.
16:04 of 2nd period - Shot Blocked by Michael Bournival.
16:38 of 2nd period - Snap shot by Nick Shore.
16:38 of 2nd period - Shot Misses the Net.
16:42 of 2nd period - Snap shot by Nick Shore.
16:42 of 2nd period - Shot Misses the Net.
16:44 of 2nd period - Wrist shot by Sven Andrighetto.
16:44 of 2nd period - Stopped by Leland Irving with a rebound.
16:46 of 2nd period - Slapshot by Mark Alt.
16:46 of 2nd period - Deflect By Morgan Klimchuk.
16:46 of 2nd period - Shot Misses the Net.
16:46 of 2nd period - Puck is out of play.
16:47 of 2nd period - Zac Dalpe wins face-off versus Calle Jarnkrok in Rafales zone.
17:00 of 2nd period - Snap shot by Calle Jarnkrok.
17:00 of 2nd period - Shot Misses the Net.
17:02 of 2nd period - Minor Penalty to Cade Fairchild for Tripping.
17:03 of 2nd period - Calle Jarnkrok wins face-off versus Zac Dalpe in Rafales zone.
17:34 of 2nd period - Wrist shot by Garret Ross.
17:34 of 2nd period - Shot Blocked by Reid McNeill.
18:47 of 2nd period - Icing by Tyler Brenner.
18:48 of 2nd period - Calle Jarnkrok wins face-off versus James Sheppard in Harfangs zone.
19:02 of 2nd period - Penalty to Cade Fairchild is over, Cade Fairchild is back on ice.
Goals for this period are 1 for Rafales vs 1 for Harfangs.
Shots for this period are 10 for Rafales vs 3 for Harfangs.
3rd period
0:01 of 3rd period - Zac Dalpe wins face-off versus Tomas Kubalik in neutral zone.
0:12 of 3rd period - Snap shot by Zac Dalpe.
0:12 of 3rd period - Shot Blocked by Calle Jarnkrok.
0:20 of 3rd period - Calle Jarnkrok is hit by Dylan McIlrath and loses puck.
0:55 of 3rd period - Mark Alt is hit by Julian Melchiori.
1:05 of 3rd period - Slapshot by Cristoval Nieves.
1:05 of 3rd period - Stopped by Leland Irving without a rebound.
1:06 of 3rd period - Michael Bournival wins face-off versus Zac Dalpe in Rafales zone.
1:17 of 3rd period - Snap shot by Tomas Kubalik.
1:17 of 3rd period - Shot Blocked by Dylan McIlrath.
1:45 of 3rd period - Slapshot by Dylan McIlrath.
1:45 of 3rd period - Goal by Dylan McIlrath - Rafales : 4 - Harfangs : 3.
1:46 of 3rd period - Brian Ferlin wins face-off versus Calle Jarnkrok in neutral zone.
1:54 of 3rd period - Slapshot by Tomas Kubalik.
1:54 of 3rd period - Shot Misses the Net.
1:56 of 3rd period - Slapshot by Calle Jarnkrok.
1:56 of 3rd period - Harfangs goal is going for a video replay.
1:56 of 3rd period - The goal is refused. The puck has been kicked using a distinct kicking motion..
1:57 of 3rd period - Calle Jarnkrok wins face-off versus Zac Dalpe in Rafales zone.
2:18 of 3rd period - Minor Penalty to Reid McNeill for Tripping.
2:19 of 3rd period - Tomas Kubalik wins face-off versus Zac Dalpe in Harfangs zone.
2:19 of 3rd period - Tomas Kubalik is hit by Zac Dalpe.
2:25 of 3rd period - Snap shot by Zac Dalpe.
2:25 of 3rd period - Stopped by Anton Forsberg without a rebound.
2:26 of 3rd period - Zac Dalpe wins face-off versus Michael Bournival in Harfangs zone.
2:27 of 3rd period - Slapshot by Brian Ferlin.
2:27 of 3rd period - Stopped by Anton Forsberg with a rebound.
2:29 of 3rd period - Wrist shot by James Sheppard.
2:29 of 3rd period - Shot Blocked by Blake Heinrich.
2:31 of 3rd period - Snap shot by James Sheppard.
2:31 of 3rd period - Stopped by Anton Forsberg with a rebound.
3:00 of 3rd period - Wrist shot by James Livingstone.
3:00 of 3rd period - Goal by James Livingstone - Rafales : 5 - Harfangs : 3.
3:00 of 3rd period - Zachary Fucale enters game.
3:01 of 3rd period - Tyler Brenner wins face-off versus Zac Dalpe in neutral zone.
3:26 of 3rd period - Connor Murphy is hit by Michael Bournival and loses puck.
4:13 of 3rd period - Snap shot by Erik Nystrom.
4:13 of 3rd period - Shot Misses the Net.
4:15 of 3rd period - Slapshot by Ivan Provorov.
4:15 of 3rd period - Deflect By Joe Labate.
4:15 of 3rd period - Stopped by Leland Irving with a rebound.
4:17 of 3rd period - Slapshot by Ivan Provorov.
4:17 of 3rd period - Shot Blocked by Ben Thomson.
4:19 of 3rd period - Snap shot by Cristoval Nieves.
4:19 of 3rd period - Deflect By Nick Sorensen.
4:19 of 3rd period - Stopped by Leland Irving with a rebound.
4:42 of 3rd period - Icing by Jake Dotchin.
4:43 of 3rd period - Calle Jarnkrok wins face-off versus James Sheppard in Harfangs zone.
6:18 of 3rd period - Mark Alt is hit by Jayson Megna and loses puck.
7:10 of 3rd period - Slapshot by Mark Alt.
7:10 of 3rd period - Deflect By Zac Dalpe.
7:10 of 3rd period - Stopped by Leland Irving with a rebound.
7:12 of 3rd period - Snap shot by Ivan Provorov.
7:12 of 3rd period - Shot Misses the Net.
7:22 of 3rd period - Nick Sorensen is hit by Ryan Bourque and loses puck.
7:45 of 3rd period - Reid McNeill is hit by Borna Rendulic.
8:01 of 3rd period - Wrist shot by Brian Ferlin.
8:01 of 3rd period - Stopped by Zachary Fucale with a rebound.
8:19 of 3rd period - Slapshot by Cade Fairchild.
8:19 of 3rd period - Stopped by Zachary Fucale without a rebound.
8:20 of 3rd period - Calle Jarnkrok wins face-off versus Jayson Megna in Harfangs zone.
8:31 of 3rd period - Snap shot by Michael Bournival.
8:31 of 3rd period - Shot Misses the Net.
8:33 of 3rd period - Slapshot by Reid McNeill.
8:33 of 3rd period - Deflect By Cade Fairchild.
8:33 of 3rd period - Stopped by Leland Irving with a rebound.
8:35 of 3rd period - Slapshot by Reid McNeill.
8:35 of 3rd period - Shot Blocked by Julian Melchiori.
8:37 of 3rd period - Wrist shot by Tomas Kubalik.
8:37 of 3rd period - Stopped by Leland Irving with a rebound.
9:15 of 3rd period - Wrist shot by Morgan Klimchuk.
9:15 of 3rd period - Goal by Morgan Klimchuk - Rafales : 5 - Harfangs : 4.
9:16 of 3rd period - Calle Jarnkrok wins face-off versus Zac Dalpe in neutral zone.
9:19 of 3rd period - Dylan McIlrath is hit by Mark Alt and loses puck.
9:49 of 3rd period - Snap shot by Cade Fairchild.
9:49 of 3rd period - Stopped by Zachary Fucale with a rebound.
10:06 of 3rd period - Minor Penalty to Julian Melchiori for Tripping.
10:07 of 3rd period - Brian Ferlin wins face-off versus Calle Jarnkrok in Rafales zone.
10:07 of 3rd period - Brian Ferlin is hit by Reid McNeill.
10:42 of 3rd period - Wrist shot by Tyler Brenner.
10:42 of 3rd period - Stopped by Leland Irving with a rebound.
10:48 of 3rd period - Tyler Brenner is hit by Garret Ross and loses puck.
12:06 of 3rd period - Penalty to Julian Melchiori is over, Julian Melchiori is back on ice.
12:08 of 3rd period - Calle Jarnkrok is hit by Brian Ferlin and loses puck.
12:36 of 3rd period - Minor Penalty to Morgan Klimchuk for Holding Stick.
12:37 of 3rd period - Michael Bournival wins face-off versus Jayson Megna in Harfangs zone.
13:25 of 3rd period - Snap shot by Brian Ferlin.
13:25 of 3rd period - Stopped by Zachary Fucale without a rebound.
13:26 of 3rd period - Zac Dalpe wins face-off versus Michael Bournival in Harfangs zone.
13:27 of 3rd period - Slapshot by Brian Ferlin.
13:27 of 3rd period - Shot Misses the Net.
13:29 of 3rd period - Snap shot by Connor Murphy.
13:29 of 3rd period - Shot Misses the Net.
13:31 of 3rd period - Backhand shot by Dylan McIlrath.
13:31 of 3rd period - Stopped by Zachary Fucale with a rebound.
13:33 of 3rd period - Slapshot by Dylan McIlrath.
13:33 of 3rd period - Shot Blocked by Tomas Kubalik.
13:35 of 3rd period - Backhand shot by Brian Ferlin.
13:35 of 3rd period - Deflect By James Sheppard.
13:35 of 3rd period - Shot Blocked by Mark Alt.
13:35 of 3rd period - Puck is out of play.
13:36 of 3rd period - Michael Bournival wins face-off versus James Sheppard in Harfangs zone.
14:36 of 3rd period - Penalty to Morgan Klimchuk is over, Morgan Klimchuk is back on ice.
16:14 of 3rd period - Off-side.
16:15 of 3rd period - Calle Jarnkrok wins face-off versus Zac Dalpe in neutral zone.
16:30 of 3rd period - Slapshot by Connor Murphy.
16:30 of 3rd period - Shot Misses the Net.
16:47 of 3rd period - Snap shot by Garret Ross.
16:47 of 3rd period - Stopped by Zachary Fucale with a rebound.
16:49 of 3rd period - Slapshot by Dylan McIlrath.
16:49 of 3rd period - Stopped by Zachary Fucale with a rebound.
16:51 of 3rd period - Slapshot by Connor Murphy.
16:51 of 3rd period - Stopped by Zachary Fucale with a rebound.
16:53 of 3rd period - Wrist shot by Garret Ross.
16:53 of 3rd period - Shot Misses the Net.
16:55 of 3rd period - Snap shot by Garret Ross.
16:55 of 3rd period - Shot Blocked by Blake Heinrich.
17:49 of 3rd period - Rinat Valiev is hit by Ben Johnson and loses puck.
18:05 of 3rd period - Minor Penalty to Rinat Valiev for Kneeing.
18:06 of 3rd period - Zac Dalpe wins face-off versus Michael Bournival in Harfangs zone.
18:17 of 3rd period - Snap shot by James Sheppard.
18:17 of 3rd period - Deflect By Zac Dalpe.
18:17 of 3rd period - Stopped by Zachary Fucale without a rebound.
18:18 of 3rd period - Zac Dalpe wins face-off versus Michael Bournival in Harfangs zone.
18:21 of 3rd period - Wrist shot by James Sheppard.
18:21 of 3rd period - Stopped by Zachary Fucale with a rebound.
18:25 of 3rd period - Snap shot by Zac Dalpe.
18:25 of 3rd period - Shot Misses the Net.
Goals for this period are 2 for Rafales vs 1 for Harfangs.
Shots for this period are 15 for Rafales vs 9 for Harfangs.